AoeStats
← Bo Xilai stan

Arena

509258279Analyzed
2v2 RM · 5d ago on Sep 26, 2026· 23m 49s· 4 players
Game mode
Random Map
Map size
Medium (4 player)
Population
200
Speed
Normal
Resources
Standard
Victory
Conquest
Starting age
Dark Age
Ending age
Imperial Age
RankedLock teamsTeams togetherTeam positionsShared explorationLock speedFull tech treeHidden civsTurbo modeCheats
Victory
Defeat
🇲🇽 Turks · Mexico
1021
+14
🇨🇱 Khmer · Chile
913
+17
🇺🇸 Khmer · United States
972
-16
🇺🇸 Romans · United States
952
-15
Bo Xilai stan
12:06 Feudal Age
11:01 Loom
14:29 Double-Bit Axe
14:27 Horse Collar
15:44 Loom
18:11 Castle Age
16:55 Gold Mining
16:57 Stone Mining
20:23 Bow Saw
Officer Friendly
12:17 Feudal Age
16:13 Castle Age
15:39 Double-Bit Axe
15:37 Horse Collar
17:43 Man-at-Arms
18:31 Long Swordsman
19:26 Forging
Battōsai
13:06 Feudal Age
17:02 Castle Age
16:47 Bloodlines
21:38 Loom
Oswaldo.rdz
12:35 Feudal Age
16:14 Castle Age
17:02 Loom
20:28 Imperial Age
18:07 Double-Bit Axe
20:48 Town Watch
22:58 Padded Archer Armor
24:25 Bow Saw
Connection lost

Rejoining the realm…

Still unreachable

The connection could not be restored.

Session expired

The server has moved on; the page needs a fresh start.